AoeStats
← eloycorsob

Black Forest

509070490Analyzed
3v3 RM · 8d ago on Sep 25, 2026· 39m 49s· 6 players
Game mode
Random Map
Map size
Normal (6 player)
Population
200
Speed
Normal
Resources
Standard
Victory
Conquest
Starting age
Dark Age
Ending age
Imperial Age
RankedLock teamsTeams togetherTeam positionsShared explorationLock speedFull tech treeHidden civsTurbo modeCheats
Victory
Defeat
🇪🇸 Turks · Spain
591
+17
🇪🇸 Bohemians · Spain
573
+18
🇷🇺 Khmer · Russia
500
+21
🇨🇳 Mongols · China
692
-21
🇵🇱 Celts · Poland
692
-50
🇻🇳 Vietnamese · Vietnam
474
-13
eloycorsob
1:12 Loom
12:21 Feudal Age
14:02 Wheelbarrow
13:21 Double-Bit Axe
13:21 Horse Collar
21:56 Castle Age
22:56 Hand Cart
24:02 Caravan
24:19 Heavy Plow
26:23 Bow Saw
29:32 Chemistry
28:53 Ballistics
30:05 Wagenburg Tactics
31:21 Padded Archer Armor
35:23 Imperial Age
34:48 Leather Archer Armor
34:44 Forging
34:28 Fletching
36:02 Elite Hussite Wagon
39:04 Houfnice
Yakudzzza
0:28 Loom
11:08 Feudal Age
13:56 Wheelbarrow
13:06 Town Watch
21:58 Horse Collar
22:06 Double-Bit Axe
29:50 Castle Age
32:04 Hand Cart
32:26 Bow Saw
32:34 Gold Mining
32:34 Stone Mining
32:50 Heavy Plow
34:29 Stone Shaft Mining
37:47 Gold Shaft Mining
PerkyCake117159
0:41 Loom
14:06 Feudal Age
16:59 Wheelbarrow
19:01 Double-Bit Axe
20:35 Stone Mining
23:29 Castle Age
25:53 Hand Cart
26:43 Horse Collar
29:39 Fortified Wall
29:50 Ballistics
30:41 Caravan
32:14 Fishing Lines
36:11 Imperial Age
37:29 Conscription
37:10 Artillery
36:33 Elite Janissary
40:17 Coinage
39:58 Guilds
ninagwiazda
1:37 Loom
18:22 Feudal Age
19:08 Horse Collar
19:38 Town Watch
19:53 Man-at-Arms
23:24 Wheelbarrow
34:30 Castle Age
784f22fd
12:21 Feudal Age
13:29 Double-Bit Axe
14:01 Loom
18:50 Castle Age
21:56 Bow Saw
29:20 Stone Mining
29:20 Gold Mining
31:19 Murder Holes
31:36 Masonry
31:48 Ballistics
32:13 Gold Shaft Mining
32:17 Stone Shaft Mining
33:21 Horse Collar
35:14 Husbandry
35:24 Bloodlines
38:15 Imperial Age
36:52 Fletching
Dai Viet
14:35 Feudal Age
15:23 Double-Bit Axe
21:33 Castle Age
20:03 Horse Collar
20:47 Gold Mining
23:48 Bow Saw
23:43 Heavy Plow
31:03 Imperial Age
30:22 Wheelbarrow
31:45 Caravan
32:58 Hand Cart
34:45 Crop Rotation
35:31 Two-Man Saw
Connection lost

Rejoining the realm…

Still unreachable

The connection could not be restored.

Session expired

The server has moved on; the page needs a fresh start.